 Dungeon Crawl Stone Soup version 0.30-b1-2-g02819fbbbe (webtiles) character file.

Game seed: 2049947223793098920

72221 Alarkh the Black Belt (level 15, 115/115 (119) HPs)
             Began as a Demonspawn Delver on May 23, 2023.
             Was a Follower of Uskayaw.
             Got out of the dungeon alive.
             The game lasted 01:01:56 (21789 turns).

Alarkh the Black Belt (Demonspawn Delver)          Turns: 21789, Time: 01:01:56

HP:   115/115 (119) AC: 14    Str: 13    XL:     15   Next: 0%
MP:   22/22         EV: 14    Int: 24    God:    Uskayaw [*.....]
Gold: 1384          SH: 10    Dex: 20    Spells: 14/22 levels left

rFire   . .          .
                       - Unarmed
rCold   + . .        z - +0 buckler
rNeg    . . .        s - +3 ring mail of Weirdness {rElec Dex+5 Slay+5}
rPois   .            Q - +2 helmet
rElec   +            t - +0 cloak
rCorr   .            (gloves unavailable)
SInv    .            (no boots)
Will    ++...        I - amulet of regeneration
Stlth   +++          n - ring of willpower
HPRegen 1.19/turn    R - ring of protection from cold
MPRegen 0.18/turn

%: wizardry (x1)
@: studying Throwing, lightly drained
A: claws 3, big brain 3, condensation shield, demonic magic 1
a: Renounce Religion, Stomp


You escaped.
You worshipped Uskayaw.
Uskayaw was aware of your devotion.
You visited 3 branches of the dungeon, and saw 20 of its levels.
You also visited: Ice Cave.

You collected 1384 gold pieces.

Inventory:

Missiles
 h - 13 poisoned darts
 o - 8 curare-tipped darts
 w - 4 atropa-tipped darts
 A - 6 datura-tipped darts
Armour
 e - the crystal ball of Wucad Mu {*channel}
   (You found it on level 4 of the Lair of Beasts)

   *Channel:  It often returns the magic spent to cast spells, but lowers their
   success rate.
   It always returns the magic spent on miscasts.
 s - the +3 ring mail of Weirdness (worn) {rElec Dex+5 Slay+5}
   (You found it on level 2 of the Dungeon)

   Dex:       It affects your dexterity (+5).
   Slay:      It affects your accuracy & damage with ranged weapons and melee
   (+5).
   rElec:     It insulates you from electricity.
 t - a +0 cloak (worn)
 z - a +0 buckler (worn)
 Q - a +2 helmet (worn)
Magical Staves
 b - a staff of fire
Jewellery
 d - a +5 ring of evasion
 n - a ring of willpower (left claw)
 p - a ring of protection from fire
 u - a ring of positive energy
 I - an amulet of regeneration (around neck)
 R - a ring of protection from cold (right claw)
Wands
 f - a wand of digging (14)
 y - a wand of quicksilver (17)
 G - a wand of iceblast (4)
 H - a wand of mindburst (9)
 N - a wand of charming (14)
 P - a wand of polymorph (6)
 T - a wand of flame (19)
Scrolls
 c - 4 scrolls of magic mapping
 g - 5 scrolls of teleportation
 i - 6 scrolls of fog
 m - a scroll of fear
 r - 6 scrolls of identify
 E - 2 scrolls of silence
Potions
 a - 2 potions of flight
 l - 6 potions of heal wounds
 v - 6 potions of curing
 J - 4 potions of berserk rage
 K - 3 potions of cancellation


   Skills:
 + Level 11.2 Fighting
 + Level 6.5 Armour
 + Level 6.5 Dodging
 + Level 7.3 Stealth
 + Level 6.5 Shields
 * Level 16.5 Unarmed Combat
 - Level 4.0 Spellcasting
 - Level 4.0 Conjurations
 - Level 4.0 Earth Magic
 + Level 10.1 Invocations


You had 14 spell levels left.
You knew the following spells:

 Your Spells              Type           Power      Damage    Failure   Level
a - Stone Arrow           Conj/Erth      48%        3d10      6%          3
b - Blade Hands           Tmut           2%         N/A       92%         5

Your spell library contained the following spells:

 Spells                   Type           Power      Damage    Failure   Level
 Magic Dart               Conj           96%        1d7       1%          1
 Kiss of Death            Conj/Necr      56%        2d9       4%          1
 Necrotise                Necr           16%        1d4       10%         1
 Call Imp                 Summ           8%         N/A       16%         2
 Scorch                   Fire           8%         2d5       16%         2
 Mephitic Cloud           Conj/Pois/Air  11%        N/A       17%         3
 Confusing Touch          Hex            4%         N/A       28%         3
 Frozen Ramparts          Ice            8%         1d2       28%         3
 Portal Projectile        Hex/Tloc       8%         N/A       28%         3
 Tukima's Dance           Hex            4%         N/A       28%         3
 Vampiric Draining        Necr           4%         2d6       28%         3
 Animate Armour           Summ/Erth      28%        N/A       38%         4
 Flame Wave               Conj/Fire      14%        2d6       38%         4
 Leda's Liquefaction      Hex/Erth       7%         N/A       38%         4
 Lee's Rapid Deconstruct  Erth           12%        3d8*      45%         5
 Anguish                  Hex/Necr       2%         N/A       65%         4
 Cause Fear               Hex            2%         N/A       65%         4
 Dispel Undead            Necr           4%         3d7       65%         4
 Ice Form                 Ice/Tmut       4%         N/A       65%         4
 Passage of Golubria      Tloc           4%         N/A       65%         4
 Summon Ice Beast         Ice/Summ       4%         N/A       65%         4
 Summon Lightning Spire   Summ/Air       4%         N/A       65%         4
 Irradiate                Conj/Tmut      7%         3d14      71%         5
 Agony                    Necr           4%         N/A       92%         5
 Silence                  Hex/Air        2%         N/A       92%         5
 Statue Form              Tmut/Erth      9%         N/A       99%         6
 Summon Cactus Giant      Summ           2%         N/A       100%        6
 Dragon Form              Tmut           2%         N/A       100%        7
 Enfeeble                 Hex            2%         N/A       100%        7
 Spellforged Servitor     Conj/Summ      7%         N/A       100%        7
 Lehudib's Crystal Spear  Conj/Erth      12%        10d4      100%        8
 Fire Storm               Conj/Fire      7%         8d2       100%        9


Dungeon Overview and Level Annotations

Branches:
Dungeon (14/15)            Temple (1/1) D:5            Lair (5/5) D:10
  Swamp (0/4) Lair:3       Spider (0/4) Lair:2        Slime (0/5) Lair:5
    Orc (0/2) D:12         Vaults (0/5) D:13          IceCv (visited)

Altars:
Ashenzari
Cheibriados
Dithmenos
Fedhas
Gozag
Hepliaklqana
Kikubaaqudgha
Makhleb
Nemelex Xobeh
Okawaru
Qazlal
Ru
Sif Muna
Trog
Uskayaw
Vehumet
Wu Jian
Xom
Yredelemnul
Jiyva

Shops:
D:8 =


Innate Abilities, Weirdness & Mutations

You have claws for hands.
You have an absolutely massive brain. (Int +6, Wiz)
A meltable shield of frost defends you. (SH +4)
Spells you cast may paralyse adjacent enemies.


Message History

No target in view!
(D) Dungeon (T) Temple (L) Lair (S) Swamp (N) Spider Nest (M) Slime Pits (O) Orcish Mines (V) Vaults
Where to? (* - list waypoints, Enter - D:1, ? - help)
There is a stone staircase leading up, spattered with blood here.
HP restored.
You climb upwards.
There is a stone staircase leading down, spattered with blood here.
There is an open door here.
There is an open door here.
There is a stone staircase leading up here.
You climb upwards.
There is a stone staircase leading down here.
There is a stone staircase leading up here.
You climb upwards.
There is a stone staircase leading down here.
There is a stone staircase leading up here.
You climb upwards.
There is a stone staircase leading down here.
There is a stone staircase leading up here.
You climb upwards.
There is a stone staircase leading down here.
There is a stone staircase leading up here.
You climb upwards.
There is a stone staircase leading down here.
There is a stone staircase leading up here.
You climb upwards.
There is a stone staircase leading down here.
There is a stone staircase leading up, spattered with blood here.
You climb upwards.
There is a stone staircase leading down here.
There is a stone staircase leading up here.
You climb upwards.
There is a stone staircase leading down here.
You open the door.
There is an open door here.
There is a dry fountain here.
There is a staircase leading out of the dungeon here.
Are you sure you want to leave the Dungeon?
This will make you lose the game!
You have escaped!

#.#.# #.###'## #.# #.##...
#.#.# #.###.## #.# #.>..##
####.#.## #.##...# #.# ####..#
...#....####>.#...###.#
##.....#
.............##...#...#
#..≈≈≈.#
#######[#######...#####
#..≈$≈.## #
##.######..⌠..######..≈≈≈..# #
####..##.............##.......#
#
#.....'.....⌠.@.⌠.....+........
#
#.##..##.............##.##.####
# #.###(######..⌠..######.##.#
###^.....######...## #.##.#
..............#...# #.##.#
.##.###.......#...# #.##.#
.##.# ##.####.#...#######.##.#
.##.# #.# #.##.##.......##.#
.##.# #.# #.##'#.......###.#


There were no monsters in sight!

Vanquished Creatures
  Gastronok (D:11)
  A reaper (IceCv)
  Fannar (Lair:2)
  4 catoblepae (Lair:5)
  5 hydras
  2 centaur warriors
  6 two-headed ogres
  12 death yaks
  Urug (Lair:2)
  2 skysharks
  Amaemon (Lair:1)
  5 skeletal warriors
  A death drake (shapeshifter) (D:14)
  An orange crystal statue (Lair:2)
  2 wolf spiders (Lair:2)
  2 necromancers (D:13)
  A wolf spider zombie (D:13)
  2 deep elf pyromancers
  3 cyclopes
  8 ugly things
  5 elephants (Lair:5)
  3 manticores
  A centaur zombie (D:13)
  An ice statue (IceCv)
  A gargoyle (D:14)
  An orange demon (Lair:1)
  4 black mambas
  A torpor snail (Lair:5)
  12 cane toads
  2 unseen horrors
  3 komodo dragons
  A kobold demonologist (D:12)
  An anaconda simulacrum (IceCv)
  4 trolls
  A polar bear (Lair:2)
  A hornet (D:8)
  Grinder (D:6)
  A blink frog (shapeshifter) (D:13)
  13 blink frogs
  4 slime creatures
  3 vampires
  3 wraiths
  A shadow (D:13)
  2 culicivoras (Lair:2)
  3 wyverns
  3 basilisks
  47 yaks
  2 dire elephant simulacra (IceCv)
  Grum (D:11)
  11 vampire mosquitoes
  A steam dragon (D:7)
  2 death yak simulacra (IceCv)
  The ghost of Alarkh the Slasher, an amateur DsWr (D:4)
  2 harpy simulacra (IceCv)
  2 acid dragons
  A hydra simulacrum (IceCv)
  Duvessa (D:4)
  19 water moccasins
  12 orc warriors
  A swamp drake (Lair:3)
  2 black bears
  An ice beast (D:8)
  31 wolves
  6 ogres
  7 centaurs
  2 phantoms
  2 kobold brigands (D:12)
  8 bullfrogs
  4 gnoll sergeants
  7 two-headed ogre simulacra (IceCv)
  2 scorpions
  3 cane toad simulacra (IceCv)
  Dowan (D:4)
  15 wights
  13 killer bees
  An elephant simulacrum (IceCv)
  12 howler monkeys
  2 electric eels (D:10)
  4 lava snakes (Lair:2)
  6 jellies
  4 hounds
  2 gnoll boudas
  14 orc priests
  4 iguanas
  14 orc wizards
  2 hell rats (D:10)
  3 polar bear simulacra (IceCv)
  5 spriggan simulacra (IceCv)
  2 troll simulacra (IceCv)
  A wolf simulacrum (IceCv)
  5 adders
  9 gnolls
  5 naga simulacra (IceCv)
  A river rat (D:10)
  2 shadow imps (D:7)
  18 white imps
  7 ufetubi (IceCv)
  4 dart slugs
  39 orcs
  6 ball pythons
  6 endoplasms
  6 giant cockroaches
  6 goblins
  11 hobgoblins
  3 jackals (D:1)
  7 kobolds
  3 quokkas
  3 bats
  4 frilled lizards
  10 rats
575 creatures vanquished.

Vanquished Creatures (others)
  A gnoll (D:12)
  A bush (Lair:5)
  21 fungi
  43 plants
  6 withered plants (D:13)
72 creatures vanquished.

Grand Total: 647 creatures vanquished

Notes
Turn   | Place    | Note
-------+----------+-------------------------------------------
     0 | D:5      | Alarkh the Demonspawn Delver began the quest for the Orb.
     0 | D:5      | Reached XP level 1. HP: 18/18 MP: 1/1
    53 | D:5      | Found an iron altar of Okawaru.
    54 | D:5      | Found a radiant altar of Vehumet.
    58 | D:5      | Noticed an orc priest
    61 | D:5      | Noticed an orc wizard
    63 | D:5      | Noticed an orc wizard
    63 | D:5      | Noticed an orc priest
    63 | D:5      | Noticed an orc wizard
    87 | D:4      | Reached skill level 2 in Unarmed Combat
   109 | D:4      | Noticed an iguana
   141 | D:3      | Identified the +2 pair of boots of the Trombone {Harm rElec
                  | Stlth-}
   198 | D:2      | Gained mutation: You have sharp fingernails. [demonic
                  | ancestry]
   198 | D:2      | Reached XP level 2. HP: 23/24 MP: 2/2
   430 | D:1      | Reached skill level 3 in Unarmed Combat
   557 | D:1      | Reached XP level 3. HP: 29/29 MP: 3/3
  1244 | D:2      | Identified the +3 ring mail of Weirdness {rElec Dex+5
                  | Slay+5}
  1554 | D:3      | Gained mutation: You have very sharp fingernails. [demonic
                  | ancestry]
  1554 | D:3      | Reached XP level 4. HP: 35/35 MP: 4/4
  1598 | D:3      | Reached skill level 4 in Unarmed Combat
  1999 | D:4      | Noticed an ogre
  2007 | D:4      | Killed an ogre
  2008 | D:4      | Reached skill level 5 in Unarmed Combat
  2008 | D:4      | Gained mutation: You have claws for hands. [demonic
                  | ancestry]
  2008 | D:4      | Reached XP level 5. HP: 41/41 MP: 5/5
  2101 | D:4      | Found a runed translucent door.
  2109 | D:4      | Noticed Alarkh's ghost (amateur DsWr)
  2130 | D:4      | Noticed Dowan
  2131 | D:4      | Noticed Duvessa
  2154 | D:4      | Killed Duvessa
  2155 | D:4      | Reached skill level 6 in Unarmed Combat
  2155 | D:4      | Gained mutation: You have an unusually large brain. (Int
                  | +2) [demonic ancestry]
  2155 | D:4      | Reached XP level 6. HP: 37/47 MP: 6/6
  2213 | D:4      | Killed Dowan
  2506 | D:4      | Killed Alarkh's ghost
  2507 | D:4      | Reached skill level 7 in Unarmed Combat
  2507 | D:4      | Reached XP level 7. HP: 49/52 MP: 7/7
  2788 | D:5      | Reached skill level 8 in Unarmed Combat
  3182 | D:5      | Gained mutation: You have an extremely huge brain. (Int +4)
                  | [demonic ancestry]
  3182 | D:5      | Reached XP level 8. HP: 58/58 MP: 8/8
  3183 | D:5      | Found a staircase to the Ecumenical Temple.
  3383 | D:5      | Reached skill level 9 in Unarmed Combat
  3599 | D:6      | Reached skill level 1 in Armour
  3803 | D:6      | Noticed Grinder
  3807 | D:6      | Paralysed by Grinder for 4 turns
  3848 | D:6      | Reached skill level 1 in Shields
  3863 | D:6      | Killed Grinder
  3872 | D:6      | Reached skill level 10 in Unarmed Combat
  4029 | D:6      | Reached XP level 9. HP: 61/65 MP: 9/9
  4388 | Temple   | Entered the Ecumenical Temple
  4478 | Temple   | Became a worshipper of Uskayaw the Reveller
  4706 | D:7      | Reached * piety under Uskayaw
  4711 | D:7      | Reached ** piety under Uskayaw
  4714 | D:7      | Reached *** piety under Uskayaw
  5241 | D:7      | Found a shimmering blue altar of Sif Muna.
  5296 | D:7      | Identified the +4 mace of Zorimya {speed, *Rage rF+ rN+
                  | MP+9}
  5305 | D:7      | Reached **** piety under Uskayaw
  6200 | D:8      | Found Kotweageho's Jewellery Emporium.
  6545 | D:8      | Reached skill level 5 in Fighting
  6743 | D:8      | Reached XP level 10. HP: 61/74 MP: 10/10
  6858 | D:8      | Reached skill level 11 in Unarmed Combat
  7185 | D:8      | Found a shimmering altar of Xom.
  7609 | D:9      | Noticed a two-headed ogre
  7636 | D:9      | Killed a two-headed ogre
  8074 | D:10     | Entered Level 10 of the Dungeon
  8313 | D:10     | Reached skill level 12 in Unarmed Combat
  8536 | D:10     | Noticed a death yak
  8561 | D:9      | Killed a death yak
  8600 | D:10     | Noticed a death yak
  8601 | D:10     | Noticed a death yak
  8621 | D:9      | Killed a death yak
  8741 | D:10     | Killed a death yak
  8742 | D:10     | Gained mutation: Spells you cast may paralyse adjacent
                  | enemies. [demonic ancestry]
  8742 | D:10     | Reached XP level 11. HP: 57/84 MP: 7/11
  8830 | D:9      | Learned a level 3 spell: Stone Arrow
  8946 | D:10     | Found a staircase to the Lair.
  9015 | D:10     | Reached skill level 1 in Conjurations
  9063 | D:10     | Reached skill level 1 in Earth Magic
  9101 | D:10     | Reached skill level 1 in Spellcasting
  9459 | D:11     | Noticed a red ugly thing
  9476 | D:11     | Killed a red ugly thing
  9477 | D:11     | Reached skill level 13 in Unarmed Combat
  9477 | D:11     | Noticed a two-headed ogre
  9481 | D:11     | Reached ***** piety under Uskayaw
  9484 | D:11     | Killed a two-headed ogre
  9564 | D:11     | Noticed a green ugly thing
  9575 | D:11     | Killed a green ugly thing
  9671 | D:11     | Noticed a two-headed ogre
  9681 | D:11     | Killed a two-headed ogre
  9686 | D:11     | Reached ****** piety under Uskayaw
 10050 | D:11     | Noticed Grum
 10065 | D:11     | Killed Grum
 10167 | D:11     | Noticed Gastronok
 10206 | D:11     | Killed Gastronok
 10207 | D:11     | Reached skill level 1 in Invocations
 10256 | Lair:1   | Entered Level 1 of the Lair of Beasts
 10397 | Lair:1   | Gained mutation: You have an absolutely massive brain. (Int
                  | +6, Wiz) [demonic ancestry]
 10397 | Lair:1   | Reached XP level 12. HP: 94/94 MP: 16/16
 10609 | Lair:1   | Noticed Amaemon
 10619 | Lair:1   | Killed Amaemon
 11422 | Lair:2   | Identified the +7 chain mail of Complete Protection {rElec
                  | MP+9 Int+8 Dex-2}
 11550 | Lair:2   | Reached skill level 14 in Unarmed Combat
 11660 | Lair:2   | Noticed Urug
 11665 | Lair:2   | Noticed Fannar
 11767 | Lair:2   | Killed Fannar
 11782 | Lair:2   | Killed Urug
 11947 | Lair:2   | Reached skill level 5 in Invocations
 12295 | Lair:2   | Found a hole to the Spider Nest.
 12626 | Lair:3   | Noticed an eight-headed hydra
 12639 | Lair:3   | Killed a ten-headed hydra
 12715 | Lair:3   | Found a staircase to the Swamp.
 13197 | Lair:4   | Noticed a five-headed hydra
 13203 | Lair:4   | Killed a six-headed hydra
 13204 | Lair:4   | Reached XP level 13. HP: 102/102 MP: 6/19
 13228 | Lair:4   | Reached skill level 15 in Unarmed Combat
 13365 | Lair:4   | Found the crystal ball of Wucad Mu {*channel}
 13972 | Lair:5   | Entered Level 5 of the Lair of Beasts
 14062 | Lair:5   | Reached skill level 10 in Fighting
 14124 | Lair:5   | Found a frozen archway.
 14140 | Lair:5   | Reached skill level 5 in Stealth
 14203 | IceCv    | Entered an ice cave
 14968 | IceCv    | Noticed a reaper
 14999 | IceCv    | Killed a reaper
 15123 | IceCv    | Found the +2 Maxwell's thermic engine {flame, freeze, rev}
 15313 | Lair:5   | Reached skill level 5 in Shields
 15421 | Lair:5   | Reached skill level 5 in Armour
 15421 | Lair:5   | Reached skill level 5 in Dodging
 16114 | Lair:5   | Reached XP level 14. HP: 99/111 MP: 20/20
 16454 | Lair:5   | Found a runed translucent door.
 16454 | Lair:5   | Found a viscous altar of Jiyva.
 16688 | Lair:5   | Identified the +0 buckler of Borhi {Int+2}
 16725 | Lair:5   | Learned a level 5 spell: Blade Hands
 16881 | Lair:5   | Reached skill level 16 in Unarmed Combat
 16993 | Lair:5   | Found a staircase to the Slime Pits.
 18163 | D:12     | Found a staircase to the Orcish Mines.
 19312 | D:13     | Got Sif Muna's Elucidation of the Comitatus and Flame
 20075 | D:13     | Reached skill level 10 in Invocations
 20422 | D:13     | Found a gate to the Vaults.
 20997 | D:14     | Found an opulent altar of Gozag.
 21007 | D:14     | Found an opulent altar of Gozag.
 21045 | D:14     | Found an opulent altar of Gozag.
 21496 | D:14     | Gained mutation: A meltable shield of frost defends you.
                  | (SH +4) [demonic ancestry]
 21496 | D:14     | Reached XP level 15. HP: 51/119 MP: 22/22
 21789 | D:$      | Got out of the dungeon alive.

Illustrated notes

Levels and vault maps discovered:
D:1:      evilmike_arrival_plus, layout_loops_ring, minmay_misc_feat_columns,
          corexii_item_surrounded_by_moat
D:2:      layout_rooms
D:3:      layout_rooms, patterned_corridor
D:4:      layout_cave_pools, ebering_ghost_reflecting_pool, kennysheep_dice,
          uniq_duvessa
D:5:      layout_rooms, chequers_temple_overflow_statue_of_worship,
          minmay_temple_entry_glass, minmay_puff
D:6:      layout_basic, nicolae_grassy_gnolls, uniq_grinder
D:7:      layout_cave_pods, nicolae_sif_muna_little_library, minmay_starry_boxes
D:8:      layout_cave_pools, tgw_xom, serial_shops, nicolae_shop_stone,
          nicolae_elevator_lobby_asterisk
D:9:      layout_roguey
D:10:     layout_basic, dpeg_lair_monsters
D:11:     layout_loops_ring, elyvilon_altar_5, uniq_gastronok, uniq_grum
D:12:     layout_stronghold, kennysheep_orc_monster_closet_entryway, tso_altar
D:13:     layout_long_grid, david_vaults_1, serial_undead, serial_undead_c,
          serial_undead_c, serial_undead_f, serial_undead_f
D:14:     layout_gridville, nicolae_gozag_conspicuous_consumption
Temple:   compressed_dpeg_circular_temple
Lair:1:   layout_long_grid, uniq_amaemon
Lair:2:   dpeg_oklob_shooting_range, layout_loops_ring,
          spider_nest_entry_funnel_web, disabler_island, uniq_fannar, uniq_urug
Lair:3:   layout_big_grid, minmay_swamp_entry_reptiles
Lair:4:   layout_regular_city, grunt_megastairs_1
Lair:5:   evilmike_catoblepas_cave, layout_cave_pods, slime_entry_2,
          portal_ice_cave_entry_imps

Skill      XL: |  1  2  3  4  5  6  7  8  9 10 11 12 13 14 |
---------------+-------------------------------------------+-----
Unarmed Combat | 2 3 5 6 7 8 10 12 13 14 15 16 | 16.5
Dodging        | 2 4 5 6 |  6.5
Armour         | 2 3 4 5 6 |  6.5
Shields        | 1 3 4 5 6 |  6.5
Fighting       | 5 7 8 9 10 11 | 11.2
Conjurations   | 3 4 |  4.0
Earth Magic    | 3 4 |  4.0
Spellcasting   | 3 4 |  4.0
Invocations    | 2 6 8 10 | 10.1
Stealth        | 6 7 |  7.3

Action                     |  1- 3 |  4- 6 |  7- 9 | 10-12 | 13-15 || total
---------------------------+-------+-------+-------+-------+-------++-------
  Melee: Unarmed           |   104 |    41 |   285 |   509 |   768 ||  1707
         Punch             |     5 |       |     6 |       |       ||    11
         Double sword      |       |       |       |       |     3 ||     3
   Fire: Sling             |    61 |    21 |    12 |       |       ||    94
  Throw: Dart              |       |     3 |       |    17 |       ||    20
   Cast: Stone Arrow       |       |       |       |    40 |   121 ||   161
 Invoke: Line Pass         |       |       |       |     1 |       ||     1
  Evoke: Wand              |       |       |       |     1 |       ||     1
    Use: Scroll            |     5 |     1 |     7 |    10 |     9 ||    32
         Potion            |       |     1 |     3 |     9 |     6 ||    19
   Stab: Sleeping          |     6 |       |     3 |     4 |     5 ||    18
         Distracted        |     1 |     1 |       |     1 |     1 ||     4
         Paralysed         |       |       |     3 |    33 |    60 ||    96
         Invisible         |       |       |       |     2 |    10 ||    12
         Petrified         |       |       |       |       |     4 ||     4
 Armour: Leather armour    |    22 |       |       |       |       ||    22
         Ring mail         |     5 |    11 |    69 |   162 |   234 ||   481
         Skin              |       |       |     6 |       |       ||     6
  Dodge: Dodged            |    67 |    16 |   107 |   229 |   360 ||   779
  Block: Buckler           |       |       |    26 |   108 |   187 ||   321
